 Dungeon Crawl Stone Soup version 0.30-a0-808-g6e0788376e (webtiles) character file.

Game seed: 18169692788349132707

2611 porpoise the Sneak (level 9, 0/66 HPs)
             Began as a Gnoll Enchanter on Feb 26, 2023.
             Was a Follower of Dithmenos.
             Slain by a troll (13 damage)
             ... on level 8 of the Dungeon.
             The game lasted 00:25:56 (7842 turns).

porpoise the Sneak (Gnoll Enchanter)                Turns: 7842, Time: 00:25:56

Health: 0/66       AC:  9    Str:  8    XL:     9   Next: 60%
Magic:  24/28      EV: 13    Int: 18    God:    Dithmenos [*.....]
Gold:   101        SH:  0    Dex: 11    Spells: 7/21 levels left

rFire   . . .      SeeInvis .    a - +2 dagger (venom)
rCold   . . .      Faith    .    (no shield)
rNeg    . . .      Spirit   .    M - +1 leather armour of Namosut {rPois Regen+ Dex-2 Stlth+}
rPois   +          Reflect  .    r - +1 helmet
rElec   .          Harm     .    j - +0 cloak
rCorr   .          Rampage  .    K - +0 pair of gloves
Will    .....                    (no boots)
Stlth   +++++                    (no amulet)
HPRegen 1.11/turn                p - ring of magical power
MPRegen 0.21/turn                (no ring)

@: wreathed by umbra
A: fangs 1, strong nose, distributed training
a: Renounce Religion


You were on level 8 of the Dungeon.
You worshipped Dithmenos.
Dithmenos was aware of your devotion.
You visited 1 branch of the dungeon, and saw 8 of its levels.

You collected 257 gold pieces.
You spent 156 gold pieces at shops.

Inventory:

Hand Weapons
 a - a +2 dagger of venom (weapon)
 b - a +5 scythe of flaming
 J - a +0 scimitar
 P - a +4 trident
 Q - a +3 short sword of holy wrath
Missiles
 v - 6 boomerangs (quivered)
 B - 9 boomerangs of dispersal
 E - 5 poisoned darts
 S - a curare-tipped dart
Armour
 j - a +0 cloak (worn)
 o - a +0 robe
 r - a +1 helmet (worn)
 K - a +0 pair of gloves (worn)
 M - the +1 leather armour of Namosut (worn) {rPois Regen+ Dex-2 Stlth+}
   (You found it on level 6 of the Dungeon)

   Dex:       It affects your dexterity (-2).
   rPois:     It protects you from poison.
   Regen:     It increases your rate of health regeneration.
   Stlth:     It makes you more stealthy.
 R - the +3 leather armour of Life {Rampage rC- Will+ Dex+4}
   (You found it on level 7 of the Dungeon)

   Dex:       It affects your dexterity (+4).
   rC:        It makes you vulnerable to cold.
   Rampage:   It bestows one free step when moving towards enemies.
   Will:      It increases your willpower.
Jewellery
 f - an amulet of guardian spirit
 l - an amulet of faith
 p - a ring of magical power (left hand)
Wands
 h - a wand of mindburst (19)
 m - a wand of flame (28)
 y - a wand of iceblast (1)
 G - a wand of charming (11)
 N - a wand of quicksilver (8)
 O - a wand of digging (8)
Scrolls
 d - 4 scrolls of identify
 e - 2 scrolls of blinking
 i - a scroll of enchant weapon
 k - a scroll of teleportation {unknown}
 s - a scroll of enchant armour
 u - 2 scrolls of fear
 A - a scroll of fog {unknown}
 C - a scroll of vulnerability {unknown}
 D - a scroll of magic mapping {unknown}
 F - a scroll of immolation {unknown}
Potions
 c - 2 potions of invisibility
 g - 9 potions of curing
 n - 3 potions of heal wounds
 q - a potion of lignification
 t - 3 potions of mutation
 w - a potion of might
 x - 3 potions of attraction
 z - a potion of haste
 H - 2 potions of brilliance
 I - a potion of resistance
 L - a potion of flight {unknown}


   Skills:
 + Level 4.5 Fighting
 + Level 5.3 Short Blades
 + Level 4.5 Long Blades
 + Level 4.5 Axes
 + Level 4.5 Maces & Flails
 + Level 4.5 Polearms
 + Level 4.5 Staves
 + Level 4.5 Ranged Weapons
 + Level 4.5 Throwing
 + Level 4.5 Armour
 + Level 6.5 Dodging
 + Level 7.6 Stealth
 + Level 4.5 Shields
 + Level 4.5 Unarmed Combat
 + Level 6.8 Spellcasting
 + Level 3.8 Conjurations
 + Level 6.7 Hexes
 + Level 3.8 Summonings
 + Level 3.8 Necromancy
 + Level 3.8 Translocations
 + Level 3.8 Transmutations
 + Level 3.8 Fire Magic
 + Level 3.8 Ice Magic
 + Level 3.8 Air Magic
 + Level 3.8 Earth Magic
 + Level 3.8 Poison Magic
 + Level 5.0 Invocations
 + Level 4.5 Evocations


You had 7 spell levels left.
You knew the following spells:

 Your Spells              Type           Power      Damage    Failure   Level
a - Confusing Touch       Hex            30%        N/A       2%          3
c - Call Canine Familiar  Summ           19%        N/A       10%         3
d - Dazzling Flash        Conj/Hex       50%        N/A       5%          3
e - Ensorcelled Hibernat  Hex/Ice        50%        N/A       2%          2
t - Tukima's Dance        Hex            30%        N/A       2%          3

Your spell library contained the following spells:

 Spells                   Type           Power      Damage    Failure   Level
 Summon Small Mammal      Summ           76%        N/A       3%          1
 Sublimation of Blood     Necr           19%        N/A       4%          2
 Wereblood                Tmut           19%        N/A       4%          2
 Summon Guardian Golem    Hex/Summ       25%        N/A       5%          3
 Kindle Blastsparks       Fire/Tloc/Air  38%        2d13      10%         3
 Fulminant Prism          Conj/Hex       12%        3d8       17%         4
 Iskenderun's Mystic Bla  Conj/Tloc      19%        2d6       30%         4
 Lee's Rapid Deconstruct  Erth           9%         3d7*      65%         5
 Summon Hydra             Summ           9%         N/A       100%        7


Dungeon Overview and Level Annotations

Branches:
Dungeon (8/15)             Temple (0/1) D:6
   Lair: D:8-11

Altars:
Cheibriados
Dithmenos
Elyvilon
Fedhas
Gozag
Hepliaklqana
Sif Muna
Trog
Uskayaw
Xom

Shops:
D:4 *   D:6 !


Innate Abilities, Weirdness & Mutations

You have very sharp teeth.
Your uncanny sense of smell can sniff out nearby items.
Your experience applies equally to all skills.


Message History

The troll is almost dead.
The killer bee stings you.
Casting: Ensorcelled Hibernation (safe; 2% risk of failure)
Confirm with . or Enter, or press ? or * to list all spells.
Okay, then.
The troll attacks as you move away! The troll misses you.
The troll closely misses you. The troll misses you.
The killer bee attacks as you move away!
The killer bee closely misses you.
The killer bee stings you but does no damage.
You see here a killer bee corpse.
The killer bee completely misses you. The killer bee barely misses you.
The killer bee stings you.
The killer bee attacks as you move away!
The killer bee closely misses you.
The killer bee stings you but does no damage.
The killer bee closely misses you.
Found a flail.
The killer bee completely misses you.
The killer bee attacks as you move away!
The killer bee misses you. The killer bee closely misses you.
There is a stone staircase leading up here.
Casting: Ensorcelled Hibernation (safe; 2% risk of failure)
Confirm with . or Enter, or press ? or * to list all spells.
Aiming: Ensorcelled Hibernation (safe; 2% risk of failure)
Press: ? - help, Shift-Dir - straight line, f - killer bee, p - troll
Aim: a killer bee (umbra, chance to affect: 65%)
The killer bee struggles to resist.
The killer bee barely misses you.
The killer bee stings you but does no damage.
You hit the killer bee.
The killer bee is poisoned.
The killer bee is moderately wounded.
The killer bee barely misses you. The troll bites you!
The troll completely misses you. The troll claws you!
* * * LOW HITPOINT WARNING * * *
The killer bee stings you.
* * * LOW HITPOINT WARNING * * *
You hit the troll but do no damage. Your bite misses the troll.
The troll is almost dead.
The killer bee barely misses you. The troll bites you!
You die...

#...## #....#
##....# #.....#
.....## ##.....##
##...##..#
#..@.....#
###..yT...##
##.......### .
#.........#### ..
#............##...
.......#..........
.......###........
..........†..###..
).........$†##


You could see a troll (poisoned) and a killer bee (very poisoned).

Vanquished Creatures
  Grinder (D:3)
  Sigmund (D:2)
  2 ice beasts (D:5)
  2 ogres (D:5)
  3 centaurs
  A phantom (D:4)
  A kobold brigand (D:7)
  2 bullfrogs
  3 scorpions
  5 wights
  2 killer bees (D:8)
  2 howler monkeys (D:5)
  2 gnoll boudas (D:7)
  2 hounds (D:5)
  A jelly (D:5)
  3 orc priests (D:3)
  Natasha (thrice) (D:2)
  3 iguanas
  3 orc wizards (D:3)
  Terence (D:3)
  Robin (D:2)
  8 adders
  11 gnolls
  2 ufetubi
  A worm (D:3)
  A dart slug (D:2)
  14 orcs
  6 endoplasms
  2 giant cockroaches
  14 goblins
  17 hobgoblins
  10 jackals
  9 kobolds
  3 quokkas
  11 ball pythons
  4 bats
  3 frilled lizards
  3 rats (D:1)
163 creatures vanquished.

Notes
Turn   | Place    | Note
-------+----------+-------------------------------------------
     0 | D:1      | porpoise the Gnoll Enchanter began the quest for the Orb.
     0 | D:1      | Reached XP level 1. HP: 13/13 MP: 6/6
   236 | D:1      | Reached XP level 2. HP: 19/19 MP: 7/7
   239 | D:1      | Learned a level 2 spell: Ensorcelled Hibernation
   853 | D:1      | Reached skill level 5 in Spellcasting
   853 | D:1      | Reached XP level 3. HP: 25/25 MP: 7/9
   857 | D:1      | Learned a level 3 spell: Confusing Touch
   861 | D:1      | Learned a level 3 spell: Tukima's Dance
  1002 | D:1      | Reached skill level 6 in Stealth
  1169 | D:2      | Reached skill level 1 in Invocations
  1178 | D:2      | Noticed Sigmund
  1191 | D:2      | Killed Sigmund
  1192 | D:2      | Reached skill level 1 in Fighting
  1192 | D:2      | Reached skill level 1 in Long Blades
  1192 | D:2      | Reached skill level 1 in Axes
  1192 | D:2      | Reached skill level 1 in Maces & Flails
  1192 | D:2      | Reached skill level 1 in Polearms
  1192 | D:2      | Reached skill level 1 in Staves
  1192 | D:2      | Reached skill level 1 in Ranged Weapons
  1192 | D:2      | Reached skill level 1 in Throwing
  1192 | D:2      | Reached skill level 1 in Armour
  1192 | D:2      | Reached skill level 1 in Shields
  1192 | D:2      | Reached skill level 1 in Unarmed Combat
  1192 | D:2      | Reached skill level 1 in Conjurations
  1192 | D:2      | Reached skill level 1 in Summonings
  1192 | D:2      | Reached skill level 1 in Necromancy
  1192 | D:2      | Reached skill level 1 in Translocations
  1192 | D:2      | Reached skill level 1 in Transmutations
  1192 | D:2      | Reached skill level 1 in Fire Magic
  1192 | D:2      | Reached skill level 1 in Ice Magic
  1192 | D:2      | Reached skill level 1 in Air Magic
  1192 | D:2      | Reached skill level 1 in Earth Magic
  1192 | D:2      | Reached skill level 1 in Poison Magic
  1192 | D:2      | Reached skill level 1 in Evocations
  1192 | D:2      | Reached XP level 4. HP: 33/33 MP: 11/11
  1192 | D:2      | Reached XP level 5. HP: 38/38 MP: 12/12
  1235 | D:2      | Reached XP level 6. HP: 40/44 MP: 13/13
  1304 | D:2      | Found a shimmering altar of Xom.
  1309 | D:2      | Noticed Natasha
  1317 | D:2      | Killed Natasha
  1318 | D:2      | Reached skill level 5 in Dodging
  1637 | D:2      | Noticed Natasha
  1654 | D:2      | Killed Natasha
  1686 | D:2      | Noticed Robin
  1905 | D:2      | Noticed Natasha
  2141 | D:2      | Killed Robin
  2297 | D:2      | Killed Natasha
  2531 | D:2      | Found a faded altar of an unknown god.
  2894 | D:3      | Noticed Terence
  2901 | D:3      | Killed Terence
  3001 | D:3      | Reached XP level 7. HP: 50/50 MP: 15/15
  3012 | D:3      | Learned a level 3 spell: Dazzling Flash
  3896 | D:3      | Noticed Grinder
  3902 | D:3      | Paralysed by Grinder for 4 turns
  3918 | D:3      | Killed Grinder
  4204 | D:4      | Reached XP level 8. HP: 21/58 MP: 13/16
  4487 | D:4      | Found Facirapi's CLEARANCE SALE!.
  4536 | D:4      | Bought 2 potions of curing for 24 gold pieces
  4536 | D:4      | Bought a wand of iceblast (1) for 9 gold pieces
  4536 | D:4      | Bought a potion of mutation for 32 gold pieces
  5072 | D:5      | Entered Level 5 of the Dungeon
  5224 | D:5      | Found a transporter.
  5502 | D:5      | Reached skill level 7 in Stealth
  5698 | D:5      | Found a white marble altar of Elyvilon.
  5721 | D:5      | Found a transporter.
  6139 | D:6      | Learned a level 3 spell: Call Canine Familiar
  6152 | D:6      | Found a shadowy altar of Dithmenos.
  6160 | D:6      | Became a worshipper of Dithmenos the Shadowed
  6297 | D:6      | Reached XP level 9. HP: 65/65 MP: 18/18
  6372 | D:6      | Found Rypeides's Distillery.
  6375 | D:6      | Bought a potion of might for 52 gold pieces
  6375 | D:6      | Bought a potion of curing for 39 gold pieces
  6427 | D:6      | Found a staircase to the Ecumenical Temple.
  6534 | D:6      | Identified the +1 leather armour of Namosut {rPois Regen+
                  | Dex-2 Stlth+}
  6966 | D:7      | Found a shimmering blue altar of Sif Muna.
  6969 | D:7      | Found a bloodstained altar of Trog.
  7228 | D:7      | Reached skill level 5 in Short Blades
  7266 | D:7      | Identified the +3 leather armour of Life {Rampage rC- Will+
                  | Dex+4}
  7613 | D:7      | Reached * piety under Dithmenos
  7741 | D:7      | Found a shimmering altar of Xom.
  7743 | D:7      | Found a hazy altar of Hepliaklqana.
  7743 | D:7      | Found a blossoming altar of Fedhas.
  7744 | D:7      | Found a hide-covered altar of Uskayaw.
  7744 | D:7      | Found an opulent altar of Gozag.
  7747 | D:7      | Found a snail-covered altar of Cheibriados.
  7811 | D:8      | Reached skill level 5 in Invocations
  7812 | D:8      | Noticed a troll
  7842 | D:8      | Slain by a troll

Illustrated notes

Levels and vault maps discovered:
D:1:      minmay_arrival_open_corners, layout_loops_corners, minmay_box_of_dots
D:2:      minmay_alternating_diamond, layout_basic, basic_ecumenical_altar,
          basic_altar, uniq_sigmund, uniq_natasha, uniq_robin
D:3:      layout_basic, uniq_grinder, uniq_terence
D:4:      layout_loops_cross, nicolae_shop_clearance
D:5:      gammafunk_cloud_chamber, layout_loops_ring, kennysheep_mini_moat
D:6:      layout_basic, nicolae_dithmenos_shadow_blocks, temple_pool_b,
          serial_shops, kennysheep_mini
D:7:      cheibrodos_quashed, layout_gridville, minitemple
D:8:      layout_cave_pools, chequers_serial_rivers_room_a,
          minmay_fractal_squares_diagonal_5

Skill      XL: |  1  2  3  4  5  6  7  8  9 |
---------------+----------------------------+-----
Spellcasting   | 5 6 |  6.8
Stealth        | 6 7 |  7.6
Invocations    | 1 2 3 4 5 |  5.0
Fighting       | 1 2 3 4 |  4.5
Short Blades   | 3 4 5 |  5.3
Long Blades    | 1 2 3 4 |  4.5
Axes           | 1 2 3 4 |  4.5
Maces & Flails | 1 2 3 4 |  4.5
Polearms       | 1 2 3 4 |  4.5
Staves         | 1 2 3 4 |  4.5
Ranged Weapons | 1 2 3 4 |  4.5
Throwing       | 1 2 3 4 |  4.5
Armour         | 1 2 3 4 |  4.5
Shields        | 1 2 3 4 |  4.5
Unarmed Combat | 1 2 3 4 |  4.5
Conjurations   | 1 2 3 |  3.8
Summonings     | 1 2 3 |  3.8
Necromancy     | 1 2 3 |  3.8
Translocations | 1 2 3 |  3.8
Transmutations | 1 2 3 |  3.8
Fire Magic     | 1 2 3 |  3.8
Ice Magic      | 1 2 3 |  3.8
Air Magic      | 1 2 3 |  3.8
Earth Magic    | 1 2 3 |  3.8
Poison Magic   | 1 2 3 |  3.8
Evocations     | 1 2 3 4 |  4.5
Dodging        | 5 6 |  6.5
Hexes          | 6 |  6.7

Action                     |  1- 3 |  4- 6 |  7- 9 || total
---------------------------+-------+-------+-------++-------
  Melee: Dagger            |   103 |   106 |   193 ||   402
         Bite              |    11 |    10 |    37 ||    58
         Halberd           |       |    26 |    96 ||   122
         Punch             |       |     1 |     6 ||     7
  Throw: Throwing net      |     2 |     1 |       ||     3
         Boomerang         |       |       |     1 ||     1
   Cast: Ensorcelled Hiber |     8 |    34 |    38 ||    80
         Confusing Touch   |       |       |     5 ||     5
    Use: Scroll            |     1 |     3 |     9 ||    13
         Potion            |       |       |     1 ||     1
   Stab: Sleeping          |    13 |    30 |    30 ||    73
         Held in net/web   |     2 |       |       ||     2
         Confused          |       |       |     3 ||     3
         Distracted        |       |       |     1 ||     1
 Armour: Robe              |    24 |    23 |    28 ||    75
         Leather armour    |       |       |    47 ||    47
  Dodge: Dodged            |    67 |   113 |   240 ||   420

Table legend: (Time is in decaauts)
 A = Elapsed time spent in this place.
 B = Non-inter-level travel time spent in this place.
 C = Inter-level travel time spent in this place.
 D = Time resting spent in this place.
 E = Time spent auto-exploring this place.
 F = Levels seen in this place.
 G = Mean time per level.
                   A        B        C        D        E       F      G
               +--------+--------+--------+--------+--------+-----+--------+
         Total |   7816 |   7602 |    214 |   1898 |   3986 |   8 |  977.0 |
       Dungeon |   7816 |   7602 |    214 |   1898 |   3986 |   8 |  977.0 |
               +--------+--------+--------+--------+--------+-----+--------+

Top non-repeatable levels by time:
     D:1: 1373 daAuts
     D:3: 1364 daAuts
     D:2: 1186 daAuts
     D:4: 1122 daAuts
     D:6: 964 daAuts
     D:5: 909 daAuts
     D:7: 862 daAuts
     D:8: 33 daAuts
